 Dungeon Crawl Stone Soup version 0.25-a0-294-gea9b1ad378 (webtiles) character file.

Game seed: 6014432759790843399, levelgen mode: classic

709 Borgoz the Cudgeler (level 7, -2/44 HPs)
             Began as a Gargoyle Gladiator on Dec 17, 2019.
             Slain by a worm (7 damage)
             ... on level 5 of the Dungeon.
             The game lasted 00:08:51 (3891 turns).

Borgoz the Cudgeler (Gargoyle Gladiator)            Turns: 3891, Time: 00:08:52

Health: -2/44      AC: 11    Str: 18      XL:     7   Next: 68%
Magic:  8/8        EV: 12    Int:  8 (9)  God:
Gold:   221        SH:  0    Dex: 12      Spells: 7/8 levels left

rFire    . . .     SeeInvis .   a - +0 flail
rCold    . . .     Gourm    .   (no shield)
rNeg     + . .     Faith    .   u - +0 ring mail
rPois    ∞         Spirit   .   h - +0 helmet
rElec    +         Reflect  .   (no cloak)
rCorr    .         Harm     .   (no gloves)
MR       .....                  (no boots)
Stlth    +.........             (no amulet)
HPRegen  0.14/turn              (no ring)
MPRegen  0.11/turn              (no ring)

@: hasted, very quick
A: negative energy resistance 1, electricity resistance, unbreathing,
petrification resistance, rot immunity, AC +4
a: no special abilities


You were on level 5 of the Dungeon.
You were not hungry.

You visited 1 branch of the dungeon, and saw 6 of its levels.

You collected 221 gold pieces.

Inventory:

Hand Weapons
 a - a +0 flail (weapon)
Missiles
 d - 3 throwing nets (quivered)
Armour
 h - a +0 helmet (worn)
 u - a +0 ring mail (worn)
Scrolls
 b - a scroll of amnesia
 i - 2 scrolls of blinking {unknown}
 m - 3 scrolls of fear {unknown}
 o - 5 scrolls of remove curse
 q - 2 scrolls of magic mapping {unknown}
 r - 6 scrolls of teleportation
 x - a scroll of fog
 y - 2 scrolls of enchant weapon
Comestibles
 f - 8 rations
 g - 2 chunks of flesh


   Skills:
 * Level 5.0 Fighting
 * Level 5.0 Maces & Flails
 - Level 2.0 Throwing
 * Level 3.9 Armour
 + Level 3.4 Dodging
 + Level 1.3 Stealth
 + Level 1.0 Spellcasting
 + Level 1.1 Hexes


You had 7 spell levels left.
You knew the following spells:

 Your Spells              Type           Power        Failure   Level  Hunger
a - Confusing Touch       Hex            #.....       41%         1    ##.....

Your spell library contained the following spells:

 Spells                   Type           Power        Failure   Level  Hunger
 Animate Skeleton         Necr           N/A          56%         1    ##.....
 Apportation              Tloc           #.....       56%         1    ##.....
 Freeze                   Ice            #...         56%         1    ##.....
 Magic Dart               Conj           #...         56%         1    ##.....
 Summon Small Mammal      Summ           #...         56%         1    ##.....
 Searing Ray              Conj           #.....       71%         2    ###....
 Dazzling Flash           Conj/Hex       #.....       86%         3    ####...
 Fulminant Prism          Conj/Hex       #.........   99%         4    #####..
 Hailstorm                Conj/Ice       #.......     100%        4    #####..
 Iskenderun's Mystic Bla  Conj/Tloc      #.......     100%        4    #####..
 Summon Mana Viper        Hex/Summ       #.......     100%        5    ######.
 Malign Gateway           Summ/Tloc      #.........   100%        7    #######


Dungeon Overview and Level Annotations

Branches:
Dungeon (6/15)
 Temple: D:4-7

Altars:

Shops:
D:5 *   D:6 %

Annotations:
D:5 Eustachio


Innate Abilities, Weirdness & Mutations

You are resistant to torment.
Your stone body is resilient. (AC +4)
You are immune to poison.
You resist negative energy. (rN+)
You are resistant to electric shocks. (rElec)
You can survive without breathing.
You are immune to petrification.
You are immune to rotting.


Message History

There is a stone staircase leading up here.
You see here an arrow.
The centaur closely misses you.
The centaur shoots an arrow.
Reactivating autopickup.
You feel your strength returning.
Your Fighting skill increases to level 5!
You feel a bit more experienced.
You climb upwards.
Level annotation: Eustachio
There is a stone staircase leading down here.
You closely miss the centaur. The centaur barely misses you.
The worm closely misses you. The centaur hits you.
* * * LOW HITPOINT WARNING * * *
Your ring mail prevents you from hitting the centaur.
The centaur barely misses you.
Unknown command.
You hit the centaur.
The centaur is lightly wounded.
The centaur barely misses you. The worm bites you!
You die...

## #.# ..# ## ### ..# . #.##
## ### #. ###..##.##.#
#.####w........# ###
#...@.###.##..... #.#
##.c####..# ... # ####.# #.##
#.#..h.... ####....##
#.####..........
.....##..#####..........o?...
............##...#......o....
............................o
..........................o@.
............................g


You could see a centaur and a worm.

Vanquished Creatures
  2 scorpions
  2 howler monkeys
  A crimson imp (D:4)
  An orc priest (D:4)
  3 hounds
  4 orc wizards
  2 worker ants (D:4)
  Robin (D:4)
  4 gnolls (D:4)
  2 adders (D:2)
  An ooze (D:1)
  An adder skeleton (D:5)
  2 worms
  2 dart slugs
  5 leopard geckos
  10 orcs
  5 bats
  A giant cockroach (D:1)
  13 goblins
  10 hobgoblins
  15 jackals
  A quokka (D:2)
  6 frilled lizards
  10 kobolds
  9 rats
113 creatures vanquished.

Vanquished Creatures (others)
  Blork the orc (D:6)
1 creature vanquished.

Grand Total: 114 creatures vanquished

Notes
Turn   | Place    | Note
-------+----------+-------------------------------------------
     0 | D:1      | Borgoz the Gargoyle Gladiator began the quest for the Orb.
     0 | D:1      | Reached XP level 1. HP: 12/12 MP: 1/1
   194 | D:1      | Reached XP level 2. HP: 14/18 MP: 2/2
   425 | D:1      | Reached XP level 3. HP: 22/22 MP: 3/3
   762 | D:1      | Reached skill level 1 in Armour
  1006 | D:2      | Reached XP level 4. HP: 22/28 MP: 4/4
  1624 | D:3      | Reached XP level 5. HP: 30/32 MP: 5/5
  2214 | D:4      | Reached XP level 6. HP: 14/38 MP: 6/6
  2515 | D:4      | Identified Sif Muna's Almanac of the Frostbite and the
                  | Entourage
  2519 | D:4      | Learned a level 1 spell: Confusing Touch
  2568 | D:4      | Noticed Robin
  2625 | D:4      | Killed Robin
  3045 | D:4      | Reached XP level 7. HP: 37/44 MP: 7/7
  3246 | D:5      | Entered Level 5 of the Dungeon
  3251 | D:5      | Found Egeuc's Elemental Accessories.
  3384 | D:5      | Reached skill level 1 in Stealth
  3567 | D:5      | Reached skill level 1 in Hexes
  3850 | D:5      | Noticed Blork the orc
  3850 | D:5      | Noticed Eustachio
  3860 | D:5      | Reached skill level 5 in Maces & Flails
  3860 | D:5      | Reached skill level 1 in Spellcasting
  3864 | D:6      | Found Lugorex's Food Shoppe.
  3876 | D:6      | Noticed a two-headed ogre
  3887 | D:6      | Killed Blork the orc
  3887 | D:6      | Reached skill level 5 in Fighting
  3891 | D:5      | Slain by a worm

Levels and vault maps discovered:
D:1:      minmay_arrival_checkered_box, layout_rooms
D:2:      layout_rooms, serial_corexii_hall, corexii_hall_statues_l,
          corexii_hall_statues_t, kennysheep_donut, hangedman_decor_slide_cut
D:3:      layout_basic
D:4:      minmay_clustersquares, layout_basic, first_ration, uniq_robin
D:5:      layout_layer_cave, kennysheep_mini_moat, grunt_ministairs_8,
          hangedman_decor_lopped, nicolae_elemental_shop, sword_in_stone,
          uniq_eustachio
D:6:      layout_cave_pools, regret_index_temple_of_mockery,
          minmay_temple_entry_statues_fountains, serial_shops, shop_coins,
          uniq_duvessa, uniq_blork_the_orc

Skill      XL: |  1  2  3  4  5  6  7 |
---------------+----------------------+-----
Throwing       | 2 |  2.0
Armour         | 1 2 3 |  3.9
Fighting       | 3 4 5 |  5.0
Maces & Flails | 4 5 |  5.0
Dodging        | 3 |  3.4
Stealth        | 1 |  1.3
Hexes          | 1 |  1.1
Spellcasting   | 1 |  1.0

Action                   |  1- 3 |  4- 6 |  7- 9 || total
-------------------------+-------+-------+-------++-------
Melee: Flail             |   124 |   251 |   102 ||   477
  Use: Potion            |       |     2 |    11 ||    13
       Scroll            |       |     2 |     4 ||     6
  Eat: Chunk             |       |     7 |     3 ||    10
Armor: Leather armour    |    76 |     4 |       ||    80
       Ring mail         |       |   153 |    64 ||   217
       Skin              |       |       |    98 ||    98
Dodge: Dodged            |   136 |   185 |    83 ||   404

Table legend:
 A = Non-vault XP
 B = Vault XP
 C = Vault XP percentage of total XP
 D = Non-vault monster count
 E = Vault monster count
 F = Vault count percentage of total count
                 A         B        C        D         E       F
            +---------+---------+-------+---------+---------+-------
      Total |     782 |     232 |  22.9 |      95 |      19 |  16.7
            +---------+---------+-------+---------+---------+-------
        D:1 |      45 |       0 |   0.0 |      24 |       0 |   0.0
        D:2 |      65 |       0 |   0.0 |      22 |       0 |   0.0
        D:3 |      78 |       0 |   0.0 |      14 |       0 |   0.0
        D:4 |     317 |     167 |  34.5 |      22 |      18 |  45.0
        D:5 |     277 |       0 |   0.0 |      13 |       0 |   0.0
        D:6 |       0 |      65 | 100.0 |       0 |       1 | 100.0
            +---------+---------+-------+---------+---------+-------
